 Dungeon Crawl Stone Soup version 0.24-a0-184-gcb5ae2c (webtiles) character file.

Game seed: 13447827021123105763

9 Dfrag the Firebug (level 2, 0/19 HPs)
             Began as a Demonspawn Fire Elementalist on Mar 15, 2019.
             Slain by a goblin (2 damage)
             ... on level 1 of the Dungeon.
             The game lasted 00:00:29 (214 turns).

Dfrag the Firebug (Demonspawn Fire Elementalist)     Turns: 214, Time: 00:00:30

Health: 0/19       AC:  2    Str:  8    XL:     2   Next: 3%
Magic:  1/5        EV: 12    Int: 16    God:
Gold:   8          SH:  0    Dex: 13    Spells: 4/5 levels left

rFire    . . .     SeeInvis .   (no weapon)
rCold    . . .     Gourm    .   (no shield)
rNeg     . . .     Faith    .   a - +0 robe
rPois    .         Spirit   .   (no helmet)
rElec    .         Reflect  .   (no cloak)
rCorr    .         Harm     .   (no gloves)
MR       .....                  (no boots)
Stlth    ++........             (no amulet)
HPRegen  0.06/turn              (no ring)
MPRegen  0.09/turn              (no ring)

@: flying
A: demonic guardian 1
a: no special abilities


You were on level 1 of the Dungeon.
You were not hungry.

You visited 1 branch of the dungeon, and saw 1 of its levels.

You collected 8 gold pieces.

Inventory:

Armour
 a - a +0 robe (worn)
Scrolls
 d - a scroll of fog {unknown}
 f - a scroll of teleportation {unknown}
Potions
 e - a potion of curing {unknown}
Comestibles
 c - 3 rations


   Skills:
 - Level 1.7 Dodging
 - Level 1.7 Stealth
 + Level 2.2 Spellcasting
 + Level 1.4 Conjurations
 + Level 2.9 Fire Magic


You had 4 spell levels left.
You knew the following spells:

 Your Spells              Type           Power        Failure   Level  Hunger
a - Flame Tongue          Conj/Fire      #....        9%          1    #......

Your spell library contained the following spells:

 Spells                   Type           Power        Failure   Level  Hunger
 Throw Flame              Conj/Fire      #.....       13%         2    ###....
 Conjure Flame            Conj/Fire      #.......     26%         3    ###....
 Inner Flame              Hex/Fire       #.......     32%         3    ###....
 Sticky Flame             Conj/Fire      #.......     63%         4    #####..
 Fireball                 Conj/Fire      #.........   93%         5    ######.


Dungeon Overview and Level Annotations

Branches:
Dungeon (1/15)

Altars:


Innate Abilities, Weirdness & Mutations

A weak demonic guardian rushes to your aid.


Message History

The goblin is heavily wounded.
The goblin closely misses you.
The giant cockroach completely misses you.
A jackal comes into view.
The goblin barely misses you. The goblin hits you.
* * * LOW HITPOINT WARNING * * *
The goblin closely misses you. The giant cockroach barely misses you.
Found a shield.
A goblin comes into view.
A dart slug comes into view.
Found 15 gold pieces.
The goblin shouts!
Found 13 gold pieces.
You see here 18 sling bullets.
Found a scroll labeled URULOINKEE.
You see here a shield.
It was a potion of flight.
You feel very buoyant.
You fly up into the air.
The goblin hits you.
You die...

#.......# ......$.#
#..$....# ##..>..[.
#.......# ...........#
..##.....g.# #.#
#..w..@## #.#
##?..#.g##### #.#
###.##.s.b.## #.#
#h######†.# #†#
#....b....#
######.######.#########
##.............#
...######..###.# ####
##.# #.#


You could see a dart slug, a giant cockroach and 2 goblins.

Vanquished Creatures
  A leopard gecko (D:1)
  2 ball pythons (D:1)
  A bat (D:1)
  A goblin (D:1)
  A frilled lizard (D:1)
  2 rats (D:1)
8 creatures vanquished.

Notes
Turn   | Place    | Note
-------+----------+-------------------------------------------
     0 | D:1      | Dfrag the Demonspawn Fire Elementalist began the quest for
                  | the Orb.
     0 | D:1      | Reached XP level 1. HP: 13/13 MP: 3/3
   203 | D:1      | Gained mutation: A weak demonic guardian rushes to your
                  | aid. [demonic ancestry]
   203 | D:1      | Reached XP level 2. HP: 3/19 MP: 0/5
   214 | D:1      | Slain by a goblin

Levels and vault maps discovered:
D:1:      scummos_arrival_checkerplants, layout_rooms, minmay_small_reverse_x

Action                   || total
-------------------------++-------
Melee: Unarmed           ||     5
 Cast: Flame Tongue      ||    13
  Use: Potion            ||     1
Armor: Robe              ||     2
Dodge: Dodged            ||    18

Table legend:
 A = Non-vault XP
 B = Vault XP
 C = Vault XP percentage of total XP
 D = Non-vault monster count
 E = Vault monster count
 F = Vault count percentage of total count
                 A         B        C        D         E       F
            +---------+---------+-------+---------+---------+-------
      Total |      13 |       0 |   0.0 |       8 |       0 |   0.0
            +---------+---------+-------+---------+---------+-------
        D:1 |      13 |       0 |   0.0 |       8 |       0 |   0.0
            +---------+---------+-------+---------+---------+-------
